 Dungeon Crawl Stone Soup version 0.29.1-1-gd02db6906a (webtiles) character file.

Game seed: 8706369503059398992

662 QueenGhuleh the Trooper (level 7, -1/62 HPs)
             Began as a Minotaur Berserker on Sept 29, 2022.
             Was a Believer of Trog.
             Slain by an orc wizard
             ... wielding a +0 dagger
              (3 damage)
             ... on level 4 of the Dungeon.
             The game lasted 00:09:57 (4510 turns).

QueenGhuleh the Trooper (Minotaur Berserker)        Turns: 4510, Time: 00:09:58

Health: -1/62      AC:  7    Str: 23    XL:     7   Next: 30%
Magic:  6/6        EV: 11    Int: 10    God:    Trog [**....]
Gold:   346        SH:  0    Dex: 10    Spells: 6/6 levels left

rFire   . . .      SeeInvis .   s - +1 halberd
rCold   . . .      Faith    .   (shield currently unavailable)
rNeg    . . .      Spirit   .   e - +1 ring mail
rPois   .          Reflect  .   (helmet restricted)
rElec   .          Harm     .   (no cloak)
rCorr   .          Rampage  .   (no gloves)
Will    .....                   (no boots)
Stlth   ..........              (no amulet)
HPRegen 0.20/turn               f - +6 ring of intelligence
MPRegen 0.10/turn               (no ring)

@: confused, on berserk cooldown, slowed, very slow
A: horns 2, retaliatory headbutt
a: Renounce Religion, Berserk, Trog's Hand


You were on level 4 of the Dungeon.
You worshipped Trog.
Trog was pleased with you.
You visited 1 branch of the dungeon, and saw 4 of its levels.

You collected 346 gold pieces.

Inventory:

Hand Weapons
 s - a +1 halberd (weapon)
Armour
 e - a +1 ring mail (worn)
Jewellery
 f - a +6 ring of intelligence (left hand)
Scrolls
 c - a scroll of magic mapping
 r - 2 scrolls of blinking
 u - a scroll of summoning {unknown}
Potions
 d - 2 potions of invisibility
 h - a potion of flight {unknown}
 j - 3 potions of attraction {unknown}
 k - a potion of magic {unknown}
 l - 4 potions of lignification
 m - a potion of cancellation {unknown}
 o - a potion of degeneration {unknown}
 p - a potion of haste {unknown}


   Skills:
 + Level 5.7 Fighting
 + Level 4.8(5.9) Axes
 + Level 5.1(6.0) Polearms
 + Level 5.6 Armour
 + Level 2.9 Dodging
 + Level 0.3 Stealth


You had 6 spell levels left.
You didn't know any spells.
Your spell library was empty.

Dungeon Overview and Level Annotations

Branches:
Dungeon (4/15)             Temple (0/1) D:4

Altars:
Ashenzari


Innate Abilities, Weirdness & Mutations

You have a pair of horns on your head.
You reflexively headbutt those who attack you in melee.


Message History

The orc priest hits you with a +0 hand axe.
Something hits you but does no damage.
The orc priest hits you with a +0 hand axe.
Something hits you.
You closely miss something. The orc priest closely misses you.
You hear some strange, mumbled words.
You are confused.
The orc priest barely misses you.
You hear some strange, mumbled words.
You are more confused.
You completely miss something.
The orc priest hits you with a +0 hand axe.
Something hits you but does no damage. The orc priest misses you.
Something hits you but does no damage.
You bump into the rock wall.
The orc priest hits you with a +0 hand axe!
* * * LOW HITPOINT WARNING * * *
Something hits you but does no damage.
You bump into the rock wall.
An orc wizard appears from thin air!
Reactivating autopickup.
The orc priest closely misses you.
The orc wizard points at you and mumbles some strange words.
You are more confused.
The orc priest looks braver for a moment.
The orc wizard barely misses you.
You bump into the rock wall.
The orc priest calls down the wrath of Beogh upon you.
Beogh smites you!
* * * LOW HITPOINT WARNING * * *
The orc wizard points at you and mumbles some strange words.
The magic dart hits you but does no damage.
You bump into the rock wall.
The orc priest closely misses you. The orc wizard barely misses you.
The orc priest hits you with a +0 hand axe.
* * * LOW HITPOINT WARNING * * *
The orc wizard completely misses you.
The orc priest attacks as you move away!
The orc priest hits you but does no damage.
The orc wizard hits you with a +0 dagger.
You die...

#..### ##...####
##.....#####
##........######
##............##
#..#..........##
##..#####......#
##o## ####..##
*#@o)#* ###..##
# #.8.8.###...##
## #.....##..###
.## #$8.8$#..##
..#
##._.##.######
..#
######.......##
..# ###
#.............#
..# #.#
#[............#
..# #.##
##............#


You could see an orc priest and an orc wizard.

Vanquished Creatures
  An ogre (D:4)
  A scorpion (D:4)
  4 orc priests
  A hound (D:4)
  2 iguanas (D:4)
  An orc wizard (D:3)
  15 gnolls
  6 adders
  A shadow imp (D:4)
  A worm (D:1)
  2 dart slugs (D:4)
  11 orcs
  3 bats
  6 endoplasms
  A giant cockroach (D:1)
  5 goblins
  5 hobgoblins
  3 jackals (D:2)
  2 quokkas
  5 ball pythons
  3 kobolds
  8 rats
87 creatures vanquished.

Notes
Turn   | Place    | Note
-------+----------+-------------------------------------------
     0 | D:1      | QueenGhuleh the Minotaur Berserker began the quest for the
                  | Orb.
     0 | D:1      | Reached XP level 1. HP: 19/19 MP: 0/0
   444 | D:1      | Reached XP level 2. HP: 27/27 MP: 1/1
  1234 | D:2      | Reached XP level 3. HP: 18/33 MP: 2/2
  1748 | D:2      | Reached XP level 4. HP: 40/40 MP: 3/3
  2199 | D:3      | Reached skill level 1 in Polearms
  2199 | D:3      | Reached XP level 5. HP: 29/46 MP: 4/4
  2216 | D:3      | Reached ** piety under Trog
  2569 | D:3      | Found a faded altar of an unknown god.
  2634 | D:3      | Found Xiagha's Antique Weapon Boutique.
  2648 | D:3      | Reached skill level 5 in Armour
  3343 | D:4      | Found a staircase to the Ecumenical Temple.
  3352 | D:4      | Reached XP level 6. HP: 53/53 MP: 5/5
  3483 | D:4      | Reached skill level 5 in Fighting
  3711 | D:4      | Found a broken altar of Ashenzari.
  3855 | D:4      | Reached XP level 7. HP: 42/61 MP: 6/6
  4045 | D:4      | HP: 4/91 [poisoned by a scorpion]
  4250 | D:4      | Identified the +0 buckler of Light {Int+6}
  4491 | D:4      | Reached skill level 5 in Polearms
  4509 | D:4      | HP: 2/62 [orc priest/+0 hand axe (3)]
  4510 | D:4      | Slain by an orc wizard

Illustrated notes

Levels and vault maps discovered:
D:1:      dpeg_arrival_three_bigger_balls, layout_basic,
          ebering_dispersal_statue_hall, nicolae_wormholes
D:2:      layout_basic, uniq_crazy_yiuf_cottage
D:3:      layout_rooms, serial_shops, shop, hellmonk_ecumenical_altar_zigzags
D:4:      layout_cave_pods, mainiacjoe_overflow_six_doors_small,
          minmay_temple_entry_wispy, kennysheep_orc_chapel

Skill      XL: |  1  2  3  4  5  6  7 |
---------------+----------------------+-----
Fighting       | 4 5 |  5.7
Axes           | 4 |  4.8
Armour         | 3 4 5 |  5.6
Polearms       | 1 2 4 5 |  5.1
Dodging        | |  2.9
Stealth        | |  0.3

Action                   |  1- 3 |  4- 6 |  7- 9 || total
-------------------------+-------+-------+-------++-------
Melee: Hand axe          |    66 |       |       ||    66
       Headbutt          |     5 |    11 |     3 ||    19
       Halberd           |     1 |   111 |    33 ||   145
Invok: Berserk           |     1 |     4 |     1 ||     6
  Use: Potion            |       |     1 |     4 ||     5
       Scroll            |       |       |     8 ||     8
Armor: Ring mail         |    18 |    27 |    25 ||    70
Dodge: Dodged            |    44 |    75 |    20 ||   139
